 Dungeon Crawl Stone Soup version 0.29.1-15-g9cfb28693d (webtiles) character file.

Game seed: 4460944860655966027

86 protoss039 the Digger (level 4, 33/33 HPs)
             Began as a Demonspawn Earth Elementalist on Mar 9, 2023.
             Got out of the dungeon alive.
             The game lasted 00:02:14 (2207 turns).

protoss039 the Digger (DsEE)                        Turns: 2207, Time: 00:02:14

Health: 33/33      AC:  9    Str:  9    XL:     4   Next: 26%
Magic:  5/8        EV:  9    Int: 18    God:
Gold:   68         SH:  3    Dex: 13    Spells: 5/8 levels left

rFire   . . .      SeeInvis .   j - +0 spear
rCold   . . .      Faith    .   e - +0 buckler
rNeg    . . .      Spirit   .   o - +0 ring mail
rPois   .          Reflect  .   m - +0 helmet
rElec   .          Harm     .   a - +0 cloak
rCorr   .          Rampage  .   (no gloves)
Will    .....                   (no boots)
Stlth   +.........              (no amulet)
HPRegen 0.11/turn               (no ring)
MPRegen 0.11/turn               (no ring)

@: no status effects
A: claws 1, yellow scales 1, demonic guardian 1
a: no special abilities


You escaped.
You visited 1 branch of the dungeon, and saw 2 of its levels.

You collected 68 gold pieces.

Inventory:

Hand Weapons
 j - a +0 spear (weapon)
Armour
 a - a +0 cloak (worn)
 e - a +0 buckler (worn)
 m - a +0 helmet (worn)
 o - a +0 ring mail (worn)
Scrolls
 c - 2 scrolls of magic mapping {unknown}
 d - a scroll of identify {unknown}
 h - a scroll of enchant weapon {unknown}
 l - a scroll of vulnerability {unknown}
Potions
 b - a potion of haste {unknown}
 f - 2 potions of attraction {unknown}
 g - a potion of magic
 i - a potion of heal wounds {unknown}
 k - a potion of might {unknown}
 n - a potion of resistance {unknown}


   Skills:
 + Level 2.0 Fighting
 - Level 1.7 Dodging
 - Level 1.7 Stealth
 + Level 2.9 Spellcasting
 - Level 0.8 Transmutations
 + Level 3.4 Earth Magic


You had 5 spell levels left.
You knew the following spells:

 Your Spells              Type           Power      Damage    Failure   Level
a - Sandblast             Erth           30%        2d9       16%         1
b - Passwall              Tmut/Erth      8%         N/A       38%         2

Your spell library contained the following spells:

 Spells                   Type           Power      Damage    Failure   Level
 Stone Arrow              Conj/Erth      16%        3d8       67%         3
 Petrify                  Tmut/Erth      10%        N/A       95%         4


Dungeon Overview and Level Annotations

Branches:
Dungeon (2/15) Zot: 9759

Altars:


Innate Abilities, Weirdness & Mutations

You have sharp fingernails.
You are partially covered in yellow scales. (AC +2)
A weak demonic guardian rushes to your aid.


Message History

The kobold shouts!
You can't go up here!
A kobold is nearby!
Unknown command.
The kobold throws a stone.
The stone hits you but does no damage.
Casting: Sandblast (safe; 16% risk of failure)
Confirm with . or Enter, or press ? or * to list all spells.
Aiming: Sandblast (safe; 16% risk of failure)
Press: ? - help, Shift-Dir - straight line, f - kobold
Aim: a kobold, wielding a +0 whip and quivering stones (77% to hit)
You miscast Sandblast.
You are very lightly contaminated with residual magic.
Nothing appears to happen.
Unknown command.
Casting: Sandblast (safe; 16% risk of failure)
Confirm with . or Enter, or press ? or * to list all spells.
Aiming: Sandblast (safe; 16% risk of failure)
Press: ? - help, Shift-Dir - straight line, f/p - kobold
Aim: a kobold, wielding a +0 whip and quivering stones (77% to hit)
The blast of sand misses the kobold.
The kobold throws a stone.
The stone barely misses you.
Unknown command.
Casting: Sandblast (safe; 16% risk of failure)
Confirm with . or Enter, or press ? or * to list all spells.
Aiming: Sandblast (safe; 16% risk of failure)
Press: ? - help, Shift-Dir - straight line, f/p - kobold
Aim: a kobold, wielding a +0 whip and quivering stones (77% to hit)
The blast of sand hits the kobold.
You kill the kobold!
Unknown command.
(D) Dungeon
Where to? (Enter - D:1 @ (x,y), ? - help)
Your magical contamination has completely faded away.
You open the door.
There is an open door here.
There is a staircase leading out of the dungeon here.
Are you sure you want to leave the Dungeon?
This will make you lose the game! [Y]es or [N]o only, please.
Are you sure you want to leave the Dungeon?
This will make you lose the game!
You have escaped!

####.#######
#..# ##.#
#.#
##########.#
#.......##.#
#........'.#
#.......##.#
#.@.###>##.#
#.......##.#
#........'.#
#.......####
#########


There were no monsters in sight!

Vanquished Creatures
  4 adders (D:2)
  A worm (D:2)
  4 dart slugs
  A bat (D:2)
  4 endoplasms (D:1)
  A giant cockroach (D:1)
  A goblin (D:1)
  3 hobgoblins
  4 jackals (D:1)
  6 kobolds
  2 quokkas
  3 ball pythons
  A frilled lizard (D:1)
  2 rats (D:1)
37 creatures vanquished.

Notes
Turn   | Place    | Note
-------+----------+-------------------------------------------
     0 | D:1      | protoss039 the Demonspawn Earth Elementalist began the
                  | quest for the Orb.
     0 | D:1      | Reached XP level 1. HP: 13/13 MP: 3/3
    46 | D:1      | Found a faded altar of an unknown god.
    83 | D:1      | Gained mutation: You are partially covered in yellow
                  | scales. (AC +2) [demonic ancestry]
    83 | D:1      | Reached XP level 2. HP: 9/20 MP: 0/5
   351 | D:1      | Reached skill level 1 in Fighting
   351 | D:1      | Reached skill level 3 in Earth Magic
  1210 | D:1      | Gained mutation: You have sharp fingernails. [demonic
                  | ancestry]
  1210 | D:1      | Reached XP level 3. HP: 26/26 MP: 4/6
  1501 | D:1      | Learned a level 2 spell: Passwall
  2136 | D:2      | Gained mutation: A weak demonic guardian rushes to your
                  | aid. [demonic ancestry]
  2136 | D:2      | Reached XP level 4. HP: 32/33 MP: 4/8
  2207 | D:$      | Got out of the dungeon alive.

Illustrated notes

Levels and vault maps discovered:
D:1:      heliophobic_arrival_battle_scene, layout_rooms,
          basic_ecumenical_altar, nicolae_kite_square_tiling_tiny
D:2:      layout_loops_ring, kennysheep_generic_room_14

Skill      XL: |  1  2  3 |
---------------+----------+-----
Fighting       | 1 2 |  2.0
Earth Magic    | 3 |  3.4
Dodging        | |  1.7
Stealth        | |  1.7
Spellcasting   | |  2.9
Transmutations | |  0.8

Action                   |  1- 3 |  4- 6 || total
-------------------------+-------+-------++-------
Melee: Unarmed           |    41 |       ||    41
       Dagger            |    16 |       ||    16
       Spear             |    28 |       ||    28
       Punch             |     1 |       ||     1
 Cast: Sandblast         |    52 |     6 ||    58
  Use: Potion            |     1 |       ||     1
 Stab: Sleeping          |     5 |       ||     5
Armor: Robe              |    35 |       ||    35
       Leather armour    |    14 |       ||    14
       Ring mail         |     6 |     2 ||     8
Dodge: Dodged            |    57 |     3 ||    60
Block: Buckler           |     7 |       ||     7
